cohdb
Replays
Latest Replays
All Replays
Popular Replays
Top Player Replays
Match Explorer
How It Works
Community
CoH3 Stats
Reddit
Sign in to upload your games and track your stats! →
Sign in with Steam
Match 39712276
Unlisted
Match 39712276
Overview
Messages
Build Orders
End
Construct Infanterie Kompanie
Selects Luftwaffe Battlegroup
Selects Luftwaffe Pioneer Support
Fallschirmpioneer Squad Paradrop
MG 42 Machine Gun Team
Fallschirmpioneer Squad Paradrop
Fallschirmpioneer Squad Paradrop
Construct Luftwaffe Kompanie
Infanterie Officer Quarters
Selects Reconnaissance Run
Selects Fallschirmjäger Squad Paradrop
Fallschirmjäger Squad Paradrop
insane
「𝓞𝓓𝓢𝓣」剑钟仙
Phoenix
海绵宝宝伯约
blackwolf
不必为我哭泣因为虽然我重伤倒地但还活着
Mango
-🆁ec-Maniac
0
0
Comments
sign in to comment!
No comments posted yet!